Map: Dusk Towers

Players

JPlex - Winner!

  • Race: Protoss Protoss
  • League: Platinum

RotterdaM

  • Race: Zerg Zerg
  • League: Grandmaster

VOD

Have the link to the VOD?

Description

Time

  • Played on: June 7, 2016, 1:23 p.m.
  • Length: 17:00
Show
View Real Time Build Order
Export as new Build Order

JPlex Protoss - Winner!

Build Orders: 1 Gate Expand 

Get SALT Encoding   

  12  0:01  Probe (Chrono Boost)  
  13  0:11  Probe (Chrono Boost)  
  14  0:21  Pylon  
  14  0:22  Probe (Chrono Boost)  
  15  0:40  Probe (Chrono Boost)  
  16  0:45  Gateway  
  16  0:50  Assimilator, Probe (Chrono Boost)  
  17  1:01  Probe (Chrono Boost)  
  17  1:02  Assimilator  
  18  1:11  Probe (Chrono Boost)  
  19  1:22  Probe (Chrono Boost)  
  20  1:32  Probe (Chrono Boost)  
  21  1:37  Nexus  
  21  1:51  Cybernetics Core  
  21  1:54  Probe (Chrono Boost)  
  21  1:59  Pylon  
  22  2:05  Probe (Chrono Boost)  
  23  2:13  Forge  
  23  2:17  Probe (Chrono Boost)  
  24  2:27  Probe (Chrono Boost)  
  24  2:29  Stalker  
  27  2:41  Mothership Core (Chrono Boost)  
  29  2:45  Assimilator  
  29  2:49  Probe (Chrono Boost)  
  30  2:59  Probe x2 (Chrono Boost)  
  30  3:03  Photon Cannon  
  32  3:10  Probe x2 (Chrono Boost)  
  34  3:20  Probe x2 (Chrono Boost)  
  34  3:24  Stargate  
  36  3:29  Stargate  
  36  3:36  Stargate  
  36  3:39  Probe (Chrono Boost)  
  37  3:42  Assimilator  
  37  3:44  Probe (Chrono Boost)  
  38  3:52  Pylon  
  38  3:53  Probe (Chrono Boost)  
  39  3:56  Probe (Chrono Boost)  
  40  4:03  Probe (Chrono Boost)  
  40  4:06  Probe (Chrono Boost)  
  40  4:07  Pylon  
  42  4:10  Oracle  
  45  4:17  Oracle  
  45  4:24  Oracle  
  48  4:27  Probe (Chrono Boost)  
  48  4:28  Probe (Chrono Boost)  
  53  4:37  Probe (Chrono Boost)  
  54  4:43  Probe (Chrono Boost)  
  55  4:48  Probe (Chrono Boost), Oracle (Chrono Boost)  
  59  4:54  Oracle (Chrono Boost)  
  59  4:57  Pylon  
  62  5:07  Pylon  
  62  5:14  Pylon, Oracle (Chrono Boost)  
  62  5:15  Probe (Chrono Boost)  
  69  5:29  Oracle (Chrono Boost)  
  73  5:36  Pylon  
  73  5:38  Void Ray (Chrono Boost)  
  73  5:47  Void Ray (Chrono Boost)  
  77  5:51  Probe  
  77  5:54  Probe  
  77  5:57  Pylon  
  76  6:24  Void Ray (Chrono Boost)  
  88  6:29  Void Ray (Chrono Boost)  
  88  6:30  Void Ray (Chrono Boost)  
  88  6:41  Photon Cannon  
  88  6:43  Photon Cannon  
  88  6:45  Photon Cannon  
  88  6:48  Probe  
  93  7:02  Void Ray (Chrono Boost)  
  93  7:35  Photon Cannon  
  93  7:39  Pylon  
  93  7:58  Void Ray (Chrono Boost)  
  102  8:02  Void Ray (Chrono Boost)  
  102  8:03  Void Ray (Chrono Boost)  
  102  8:31  Nexus  
  102  8:43  Assimilator  
  102  8:47  Pylon x2  
  102  9:03  Probe  
  102  9:06  Void Ray (Chrono Boost)  
  104  9:11  Void Ray (Chrono Boost)  
  94  9:43  Void Ray x2 (Chrono Boost)  
  94  9:45  Probe x2  
  98  9:46  Probe  
  98  9:50  Nexus  
  98  9:52  Pylon  
  105  9:54  Void Ray (Chrono Boost)  
  105  9:55  Pylon, Probe  
  105  9:56  Probe  
  105  9:57  Assimilator  
  107  10:20  Oracle (Chrono Boost)  
  114  10:26  Void Ray (Chrono Boost)  
  114  10:35  Oracle (Chrono Boost)  
  117  10:36  Probe x2  
  117  10:38  Probe  
  117  10:42  Photon Cannon  
  120  10:43  Photon Cannon  
  120  10:45  Photon Cannon  
  120  10:47  Probe x2  
  120  10:48  Photon Cannon  
  120  10:49  Photon Cannon  
  122  10:50  Probe  
  122  10:51  Void Ray (Chrono Boost)  
  122  10:52  Photon Cannon  
  122  10:54  Photon Cannon  
  127  10:57  Probe  
  132  11:09  Void Ray (Chrono Boost)  
  136  11:12  Void Ray (Chrono Boost)  
  127  11:29  Void Ray (Chrono Boost)  
  107  11:50  Probe x2  
  107  11:51  Probe  
  107  11:52  Void Ray (Chrono Boost)  
  110  11:55  Void Ray (Chrono Boost)  
  110  12:00  Probe  
  110  12:01  Probe  
  110  12:03  Probe  
  110  12:06  Void Ray (Chrono Boost)  
  113  12:28  Nexus  
  117  12:34  Void Ray (Chrono Boost)  
  117  12:35  Phoenix (Chrono Boost)  
  119  12:43  Phoenix (Chrono Boost)  
  121  12:52  Pylon  
  121  12:53  Probe  
  121  12:54  Pylon  
  121  12:57  Pylon, Probe  
  121  12:58  Probe  
  126  13:00  Phoenix (Chrono Boost)  
  126  13:04  Assimilator  
  126  13:05  Phoenix (Chrono Boost)  
  128  13:09  Assimilator  
  130  13:13  Photon Cannon x2  
  130  13:15  Photon Cannon, Phoenix (Chrono Boost)  
  130  13:16  Photon Cannon  
  130  13:23  Probe  
  130  13:25  Phoenix (Chrono Boost)  
  130  13:26  Phoenix (Chrono Boost)  
  135  13:29  Pylon  
  135  13:34  Pylon  
  135  13:38  Pylon  
  135  13:40  Phoenix (Chrono Boost)  
  137  13:48  Phoenix (Chrono Boost)  
  141  13:50  Phoenix (Chrono Boost)  
  141  13:57  Photon Cannon  
  141  13:59  Photon Cannon  
  143  14:05  Phoenix (Chrono Boost)  
  143  14:19  Probe  
  143  14:20  Photon Cannon, Probe  
  143  14:21  Probe  
  143  14:22  Photon Cannon, Probe  
  147  14:30  Probe  
  148  14:42  Void Ray (Chrono Boost)  
  160  14:47  Void Ray x2 (Chrono Boost)  
  150  15:16  Probe x2  
  150  15:19  Void Ray (Chrono Boost)  
  156  15:25  Photon Cannon  
  156  15:27  Photon Cannon  
  160  15:30  Void Ray (Chrono Boost)  
  160  15:33  Photon Cannon  
  164  15:36  Pylon, Void Ray (Chrono Boost)  
  164  15:39  Pylon  
  162  16:02  Void Ray (Chrono Boost)  
  170  16:12  Void Ray (Chrono Boost)  
  170  16:14  Probe  
  170  16:15  Probe  
  176  16:19  Void Ray (Chrono Boost)  
Show
View Real Time Build Order
Export as new Build Order

RotterdaM Zerg 

Build Orders: Hatch First 

Get SALT Encoding   

  12  0:01  Drone  
  13  0:16  Overlord  
  13  0:21  Drone  
  14  0:34  Drone x2  
  16  0:40  Drone  
  17  0:55  Hatchery  
  16  0:58  Drone  
  17  1:11  Spawning Pool  
  16  1:12  Drone  
  16  1:16  Extractor  
  16  1:18  Drone  
  16  1:24  Drone  
  18  1:34  Drone  
  19  1:45  Drone  
  20  1:57  Hatchery  
  20  2:00  Queen  
  21  2:18  Queen  
  21  2:20  Metabolic Boost  
  23  2:26  Drone  
  23  2:27  Drone x2  
  26  2:33  Drone  
  27  2:37  Overlord  
  27  2:45  Extractor  
  27  2:47  Queen  
  29  2:57  Drone x3  
  32  3:03  Drone x2  
  32  3:04  Drone  
  35  3:11  Drone x2  
  35  3:12  Drone  
  39  3:20  Drone x3  
  39  3:21  Drone  
  42  3:28  Spore Crawler  
  42  3:30  Spore Crawler  
  42  3:32  Drone x2  
  42  3:35  Overlord  
  42  3:46  Evolution Chamber  
  42  3:47  Evolution Chamber  
  40  3:49  Drone x2  
  40  3:53  Drone x4  
  40  3:54  Drone  
  47  4:00  Drone x2  
  49  4:03  Overlord  
  49  4:04  Overlord  
  49  4:06  Overlord  
  49  4:15  Drone  
  50  4:18  Hatchery  
  50  4:21  Spore Crawler  
  50  4:22  Drone x3  
  51  4:24  Drone  
  51  4:25  Drone  
  51  4:29  Drone  
  51  4:30  Drone x3  
  57  4:34  Zerg Melee Weapons Level 1  
  57  4:48  Drone x2  
  59  4:54  Extractor  
  58  5:04  Drone  
  58  5:05  Drone x2  
  61  5:08  Drone  
  61  5:09  Drone x9  
  71  5:14  Zerg Ground Armor Level 1  
  71  5:19  Overlord x4  
  71  5:26  Hatchery  
  70  5:28  Overlord  
  70  5:29  Overlord x5  
  70  5:36  Queen  
  70  5:40  Zergling x2, Spore Crawler  
  70  5:41  Zergling x10  
  77  5:50  Drone x4  
  77  5:51  Drone  
  77  5:56  Zergling x2  
  83  5:57  Zergling x10  
  88  6:08  Zergling x8  
  88  6:09  Zergling x2  
  88  6:10  Queen x2  
  97  6:12  Queen  
  97  6:16  Spore Crawler  
  80  6:19  Spore Crawler  
  80  6:20  Spore Crawler  
  80  6:21  Spore Crawler  
  77  6:31  Spore Crawler  
  76  6:32  Spore Crawler  
  75  6:41  Extractor x2  
  75  6:45  Zergling x2  
  70  6:57  Spawning Pool  
  69  7:04  Drone x8  
  69  7:05  Drone x15  
  92  7:15  Spawning Pool  
  89  7:33  Extractor x2  
  86  7:38  Spawning Pool  
  85  7:51  Lair  
  85  7:55  Spawning Pool  
  75  8:15  Extractor  
  75  8:16  Extractor  
  63  8:30  Spore Crawler  
  63  8:31  Drone x2  
  63  8:32  Spore Crawler  
  63  8:33  Spore Crawler  
  62  8:34  Spore Crawler x2  
  62  8:35  Spore Crawler  
  62  8:36  Spore Crawler x2  
  62  8:37  Spore Crawler x4, Queen x2  
  62  8:38  Spore Crawler x2  
  62  8:39  Spore Crawler x2  
  62  8:40  Spore Crawler  
  49  8:48  Drone  
  49  8:49  Drone x20  
  49  8:52  Spire  
  49  8:55  Queen  
  69  9:13  Queen  
  65  9:27  Drone x5  
  65  9:28  Drone x7  
  65  9:31  Queen  
  76  9:48  Queen  
  71  10:06  Queen  
  73  10:10  Hatchery  
  71  10:32  Mutalisk x6  
  84  10:44  Overlord x2  
  84  10:45  Overlord  
  84  10:53  Hatchery  
  84  10:57  Overlord x2  
  77  11:16  Mutalisk x3  
  77  11:17  Mutalisk  
  66  11:31  Mutalisk  
  66  11:58  Hatchery  
  61  12:13  Zergling x4  
  63  12:41  Mutalisk x2  
  63  12:42  Mutalisk  
  69  12:54  Overlord  
  69  12:56  Overlord  
  69  12:57  Overlord  
  69  13:09  Mutalisk  
  69  13:10  Mutalisk  
  73  13:36  Mutalisk  
  75  13:44  Extractor  
  75  13:45  Extractor  
  73  13:50  Hatchery  
  72  14:03  Mutalisk  
  72  14:04  Corruptor  
  73  14:11  Queen  
  73  14:12  Queen  
  77  14:20  Overlord  
  77  14:24  Zergling x12  
  83  14:39  Mutalisk  
  83  14:40  Mutalisk  
  87  15:08  Extractor  
  87  15:11  Extractor  
  87  15:13  Corruptor  
  85  15:14  Corruptor x4  
  85  15:18  Zergling x6  
  96  15:26  Zergling x2  
  96  15:27  Overlord x4  
  95  15:44  Zergling x6  
  95  15:48  Corruptor  
  95  15:49  Corruptor x2  
  87  16:15  Mutalisk x3  
  88  16:20  Zergling x6  
Tags
 
Add a new tag
Caveats
  • Supply blocks, unpowered buildings, or Contaminate may cause inaccurate times.
  • Supply counts are checked every 10 seconds.